 Dungeon Crawl Stone Soup version 0.32-a0-913-g739538afd8 (webtiles) character file.

Game seed: 11941420809202815863

1360 tilp the Vexing (level 8, 0/60 HPs)
             Began as a Vampire Enchanter on Apr 9, 2024.
             Was a Believer of Wu Jian.
             Slain by Pikel
             ... wielding a +2 whip of freezing
              (3 damage)
             ... on level 6 of the Dungeon.
             The game lasted 00:09:19 (5151 turns).

tilp the Vexing (Vampire Enchanter)                 Turns: 5151, Time: 00:09:20

Health: 0/60       AC: 10    Str:  7    XL:     8   Next: 37%
Magic:  3/13       EV: 11    Int: 20    God:    Wu Jian [**....]
Gold:   263        SH:  0    Dex: 14    Spells: 2/13 levels left

rFire   . . .        a - +1 dagger (heavy)
rCold   . . .        (no shield)
rNeg    . . .        e - +0 leather armour
rPois   +            q - +1 helmet
rElec   .            p - +2 cloak
rCorr   .            j - +0 pair of gloves
SInv    +            k - +0 pair of boots
Will    .....        (no amulet)
Stlth   +++          y - ring of poison resistance
HPRegen 0.50/turn    (no ring)
MPRegen 0.13/turn

%: no passive effects
@: healing quickly
A: alive, fangs 3, see invisible, vampiric 2
a: Exsanguinate, Renounce Religion, Wall Jump


You were on level 6 of the Dungeon.
You worshipped Wu Jian.
Wu Jian was pleased with you.
You visited 2 branches of the dungeon, and saw 8 of its levels.

You collected 335 gold pieces.
You spent 72 gold pieces at shops.

Inventory:

Hand Weapons
 a - a +1 heavy dagger (weapon)
 b - a +0 dagger of venom
 z - a +0 dagger of speed
Missiles
 w - 5 poisoned darts (quivered)
Armour
 e - a +0 leather armour (worn)
 j - a +0 pair of gloves (worn)
 k - a +0 pair of boots (worn)
 p - a +2 cloak (worn)
 q - a +1 helmet (worn)
 r - a +0 robe
 x - a +1 ring mail of positive energy
Jewellery
 y - a ring of poison resistance (left hand)
Wands
 h - a wand of warping (10)
Scrolls
 m - a scroll of immolation
 o - a scroll of identify
 s - a scroll of enchant weapon
Potions
 c - 2 potions of invisibility
 d - 6 potions of curing
 f - 2 potions of attraction
 g - a potion of enlightenment
 i - 2 potions of lignification
 l - a potion of haste
 n - a potion of ambrosia
 t - a potion of heal wounds


   Skills:
 * Level 3.8 Fighting
 - Level 3.1(4.2) Short Blades
 * Level 3.9(4.4) Long Blades
 + Level 2.2 Armour
 + Level 3.9 Dodging
 + Level 6.4 Stealth
 + Level 3.3 Spellcasting
 * Level 7.3 Hexes
 + Level 1.5 Evocations


You had 2 spell levels left.
You knew the following spells:

 Your Spells              Type           Power      Damage    Failure   Level
a - Ensorcelled Hibernat  Hex/Ice        36%        N/A       7%          2
b - Confusing Touch       Hex            32%        N/A       3%          3
c - Tukima's Dance        Hex            32%        N/A       3%          3
d - Dazzling Flash        Conj/Hex       36%        N/A       13%         3

Your spell library contained the following spells:

 Spells                   Type           Power      Damage    Failure   Level


Dungeon Overview and Level Annotations

Branches:
Dungeon (7/15)             Temple (1/1) D:4

Altars:
Cheibriados
Dithmenos
Fedhas
Gozag
Hepliaklqana
Kikubaaqudgha
Makhleb
Okawaru
Qazlal
Ru
Sif Muna
Trog
Uskayaw
Vehumet
Wu Jian
Xom
Lugonu

Shops:
D:3 (   D:4 !

Portals:
Bailey: D:7

Annotations:
D:4 3 runed translucent doors, Picsou's ghost, novice MiFi
D:6 Pikel
D:7 Maggie


Innate Abilities, Weirdness & Mutations

Your natural rate of healing is accelerated.
You have razor-sharp teeth.
You have supernaturally acute eyesight. (SInv)
You are afflicted with vampirism and can become a bat while bloodless.


Message History

You wake up.
* * * LOW HITPOINT WARNING * * *
Pikel freezes you.
* * * LOW HITPOINT WARNING * * *
The lemure misses you.
Maggie the Vainglorious comes into view.
She is wielding a +0 broad axe.
The lemure barely misses you.
The ice beast hits you but does no damage.
Unknown command.
Unknown command.
Pikel hits you with a +2 whip of freezing.
* * * LOW HITPOINT WARNING * * *
Pikel freezes you.
* * * LOW HITPOINT WARNING * * *
The lemure completely misses you. The lemure closely misses you.
The ice beast hits you but does no damage.
You climb upwards.
Found a stone staircase leading down.
There is a stone staircase leading down here.
Unknown command.
Unknown command.
Unknown command.
Unknown command.
Okay, then.
Aiming: Warp Space
Press: ? - help, Shift-Dir - straight line Space twists violently!
The rupture engulfs the ice beast!
The ice beast is heavily wounded.
The rupture engulfs Pikel!
Pikel is moderately wounded.
The lemure hits you but does no damage.
The ice beast hits you but does no damage.
The black bear bites you.
* * * LOW HITPOINT WARNING * * *
The black bear claws you.
* * * LOW HITPOINT WARNING * * *
The black bear claws you but does no damage.
Pikel hits you with a +2 whip of freezing.
You die...
Pikel says, "Another soul for the market."

>......##
#.......##
##........#
#.........#
#.........#
..........#
......5fY.##
.......@...#
......h5K#..#
.........# .#
...#
.........#
...##
........##
....#
....#####
....# ####
...# ######
..# ###....#


You could see Pikel, a black bear, an ice beast, 2 lemures and a sleepcap.

Vanquished Creatures
  Menkaure (D:6)
  A water moccasin (D:5)
  A sky beast (D:6)
  4 ogres
  Blork the orc (D:4)
  A scorpion (D:5)
  A burial acolyte (D:6)
  A jelly (D:5)
  A hound (D:2)
  An orc priest (D:5)
  2 sleepcaps
  2 iguanas
  2 orc wizards
  2 hound zombies (D:6)
  7 gnolls
  2 adders (D:3)
  2 shadow imps (D:6)
  3 ufetubi
  An adder zombie (D:6)
  5 dart slugs
  A ribbon worm (D:2)
  19 orcs
  8 ball pythons
  5 bats
  5 endoplasms
  4 giant cockroaches
  7 hobgoblins
  3 jackals (D:4)
  4 quokkas
  3 frilled lizards
  2 gnoll zombies (D:6)
  9 goblins
  10 kobolds
  2 kobold zombies (D:6)
  8 rats
131 creatures vanquished.

Vanquished Creatures (collateral kills)
  2 gnolls (D:5)
2 creatures vanquished.

Grand Total: 133 creatures vanquished

Notes
Turn   | Place    | Note
-------+----------+-------------------------------------------
     0 | D:1      | tilp the Vampire Enchanter began the quest for the Orb.
     0 | D:1      | Reached XP level 1. HP: 13/13 MP: 3/3
    21 | D:1      | Found a faded altar of an unknown god.
   109 | D:1      | Reached XP level 2. HP: 20/20 MP: 5/5
   112 | D:1      | Learned a level 2 spell: Ensorcelled Hibernation
   428 | D:1      | Reached skill level 1 in Fighting
   505 | D:1      | Gained mutation: You are afflicted with vampirism and can
                  | become a bat while bloodless. [Vampire growth]
   505 | D:1      | Reached XP level 3. HP: 26/26 MP: 6/6
   515 | D:1      | Learned a level 3 spell: Confusing Touch
   992 | D:2      | Reached skill level 1 in Long Blades
  1028 | D:2      | Reached XP level 4. HP: 30/32 MP: 2/7
  1752 | D:3      | Found a sacrificial altar of Ru.
  1967 | D:3      | Reached skill level 5 in Hexes
  2304 | D:3      | Found Leuraepn's Weapon Shoppe.
  2353 | D:3      | Reached XP level 5. HP: 38/38 MP: 8/8
  2357 | D:3      | Learned a level 3 spell: Tukima's Dance
  2396 | D:3      | Found a shimmering altar of Xom.
  2650 | D:4      | Noticed Blork the orc
  2666 | D:4      | Killed Blork the orc
  2667 | D:4      | Reached skill level 1 in Armour
  2667 | D:4      | Reached skill level 5 in Stealth
  2777 | D:4      | Found a staircase to the Ecumenical Temple.
  2793 | Temple   | Entered the Ecumenical Temple
  2812 | Temple   | Became a worshipper of the Wu Jian Council
  2868 | D:4      | Found a snail-covered altar of Cheibriados.
  2869 | D:4      | Found Zuti's Distillery.
  2902 | D:4      | Bought a potion of degeneration for 12 gold pieces
  2902 | D:4      | Bought a potion of heal wounds for 60 gold pieces
  2921 | D:4      | Noticed an ogre
  2924 | D:4      | Killed an ogre
  2925 | D:4      | Reached XP level 6. HP: 44/44 MP: 9/9
  2990 | D:4      | Found a runed translucent gate.
  2991 | D:4      | Found a runed translucent gate.
  2993 | D:4      | Found a runed translucent gate.
  2995 | D:4      | Noticed Picsou's ghost (novice MiFi)
  3055 | D:4      | Found a shimmering blue altar of Sif Muna.
  3306 | D:4      | Found a stormy altar of Qazlal.
  3587 | D:5      | Entered Level 5 of the Dungeon
  3680 | D:5      | Reached skill level 6 in Hexes
  3775 | D:5      | Noticed a +0 dagger
  3775 | D:5      | Noticed a +0 dagger
  3777 | D:5      | Noticed a water moccasin
  3785 | D:5      | Killed a water moccasin
  3786 | D:5      | Reached XP level 7. HP: 34/51 MP: 4/11
  3844 | D:5      | Found a hide-covered altar of Uskayaw.
  3861 | D:5      | Reached * piety under Wu Jian
  4284 | D:5      | Reached skill level 1 in Evocations
  4466 | D:5      | Found a bloodstained altar of Trog.
  4836 | D:6      | Reached ** piety under Wu Jian
  4837 | D:6      | Reached XP level 8. HP: 49/58 MP: 7/12
  4842 | D:6      | Learned a level 3 spell: Dazzling Flash
  4884 | D:6      | Reached skill level 7 in Hexes
  4922 | D:6      | Noticed Menkaure
  4932 | D:6      | Killed Menkaure
  4958 | D:6      | Found an ancient bone altar of Kikubaaqudgha.
  5115 | D:6      | You fall into a shaft and drop 1 floor!
  5138 | D:7      | Found a flagged portal.
  5142 | D:7      | Noticed Pikel
  5148 | D:7      | Noticed Maggie
  5151 | D:6      | HP: 3/60 [black bear (2)]
  5151 | D:6      | Slain by Pikel

Illustrated notes

Levels and vault maps discovered:
D:1:      mainiacjoe_arrival_reflecting_pool, layout_basic,
          ebering_ecumenical_altar_rust, corexii_leaking_fountain,
          minmay_distorted
D:2:      layout_loops_ring, minmay_door_square, feat_on_display
D:3:      layout_rooms, amethyst_overflow_temple_binary,
          mainiacjoe_overflow_tiny_flanked, serial_shops, nicolae_shop_crystal,
          hangedman_decor_opposing
D:4:      layout_basic, kennysheep_little_box, marbit_many_paths,
          kennysheep_slug_shrine, minmay_temple_entry_wispy,
          gammafunk_ghost_necromancy, serial_shops, shop,
          minmay_misc_feat_encased, uniq_blork_the_orc
D:5:      layout_basic, trog_butcher_becter, zin_statuary,
          dancing_weapons_uskayaw
D:6:      layout_cave_pods, regret_index_kikubaaqudgha_part_by_part,
          uniq_menkaure
D:7:      layout_rooms, serial_rivers, chequers_serial_rivers_small_b,
          chequers_serial_rivers_room_b, chequers_serial_rivers_room_a,
          chequers_serial_rivers_small_a, enter_bailey_2, dk_vineyard_3,
          uniq_pikel, uniq_maggie
Temple:   kb_corrupted_temple

Skill      XL: |  1  2  3  4  5  6  7  8 |
---------------+-------------------------+-----
Fighting       | 1 2 3 |  3.8
Long Blades    | 1 2 3 |  3.9
Short Blades   | 2 3 |  3.1
Hexes          | 5 6 7 |  7.3
Armour         | 1 2 |  2.2
Stealth        | 5 6 |  6.4
Dodging        | 3 |  3.9
Spellcasting   | 3 |  3.3
Evocations     | 1 |  1.5

Action                     |  1- 3 |  4- 6 |  7- 9 || total
---------------------------+-------+-------+-------++-------
  Melee: Dagger            |    83 |   141 |   163 ||   387
         Bite              |     9 |    16 |    23 ||    48
   Cast: Ensorcelled Hiber |     8 |    25 |    19 ||    52
         Confusing Touch   |       |     1 |     7 ||     8
         Tukima's Dance    |       |       |     1 ||     1
Ability: Lunge             |       |     3 |     6 ||     9
         Whirlwind         |       |       |     5 ||     5
  Evoke: Wand              |       |       |     2 ||     2
    Use: Scroll            |     2 |    12 |     3 ||    17
   Stab: Sleeping          |    16 |    22 |    18 ||    56
         Confused          |       |     1 |     5 ||     6
 Armour: Robe              |    29 |       |       ||    29
         Leather armour    |    10 |   109 |   122 ||   241
  Dodge: Dodged            |    36 |   114 |   115 ||   265

Table legend: (Time is in decaauts)
 A = Elapsed time spent in this place.
 B = Non-inter-level travel time spent in this place.
 C = Inter-level travel time spent in this place.
 D = Time resting spent in this place.
 E = Time spent auto-exploring this place.
 F = Levels seen in this place.
 G = Mean time per level.
                   A        B        C        D        E       F      G
               +--------+--------+--------+--------+--------+-----+--------+
         Total |   5200 |   4956 |    244 |    253 |   3480 |   8 |  650.0 |
       Dungeon |   5161 |   4954 |    207 |    253 |   3480 |   7 |  737.3 |
        Temple |     38 |      1 |     37 |      0 |      0 |   1 |   38.0 |
               +--------+--------+--------+--------+--------+-----+--------+

Top non-repeatable levels by time:
     D:5: 1166 daAuts
     D:4: 1057 daAuts
     D:2: 1042 daAuts
     D:3: 782 daAuts
     D:1: 680 daAuts
     D:6: 396 daAuts
  Temple: 38 daAuts
     D:7: 35 daAuts
